 Dungeon Crawl Stone Soup version 0.31-b1-22-gc680215f68 (webtiles) character file.

Game seed: 17394278442925479030

263 Destinykillz the Digger (level 6, -13/32 HPs)
             Began as a Gargoyle Earth Elementalist on Jan 19, 2024.
             Was an Initiate of Dithmenos.
             Killed by divine providence
             ... invoked by an orc priest
              (15 damage)
             ... on level 4 of the Dungeon.
             The game lasted 00:05:50 (3394 turns).

Destinykillz the Digger (GrEE)                      Turns: 3394, Time: 00:05:51

Health: -13/32     AC:  9    Str: 12    XL:     6   Next: 19%
Magic:  1/10       EV: 10    Int: 17    God:    Dithmenos [......]
Gold:   215        SH:  0    Dex: 10    Spells: 8/10 levels left

rFire   . . .        c - +2 dagger (elec)
rCold   . . .        (no shield)
rNeg    + . .        h - +0 ring mail
rPois   ∞            (no helmet)
rElec   +            (no cloak)
rCorr   .            (no gloves)
SInv    .            (no boots)
Will    .....        (no amulet)
Stlth   ++           (no ring)
HPRegen 0.25/turn    (no ring)
MPRegen 0.12/turn

%: no passive effects
@: no status effects
A: sickness immunity, AC +4, negative energy resistance 1, electricity
resistance, torment resistance 1, petrification resistance
a: Renounce Religion


You were on level 4 of the Dungeon.
You worshipped Dithmenos.
Dithmenos was noncommittal.
You visited 2 branches of the dungeon, and saw 5 of its levels.

You collected 215 gold pieces.

Inventory:

Hand Weapons
 c - a +2 dagger of electrocution (weapon)
 i - a +5 club
Armour
 a - a +0 robe
 h - a +0 ring mail (worn)
Scrolls
 f - 2 scrolls of noise {unknown}
 g - 2 scrolls of enchant weapon {unknown}
 j - a scroll of teleportation {unknown}
 l - a scroll of identify {unknown}
 m - a scroll of fog {unknown}
 n - a scroll of vulnerability {unknown}
Potions
 b - a potion of magic
 d - a potion of invisibility {unknown}
 e - 3 potions of enlightenment {unknown}
 k - 2 potions of lignification {unknown}


   Skills:
 * Level 1.3 Armour
 - Level 2.2 Dodging
 * Level 4.5 Stealth
 + Level 2.9 Spellcasting
 + Level 2.6 Conjurations
 + Level 4.6 Earth Magic


You had 8 spell levels left.
You knew the following spells:

 Your Spells              Type           Power      Damage    Failure   Level
a - Sandblast             Erth           36%        2d10      5%          1
b - Magic Dart            Conj           44%        1d5       13%         1

Your spell library contained the following spells:

 Spells                   Type           Power      Damage    Failure   Level
 Passwall                 Erth           18%        N/A       17%         3
 Foxfire                  Conj/Fire      24%        2x1d5     22%         1
 Stone Arrow              Conj/Erth      28%        3d8       26%         3
 Blink                    Tloc           4%         N/A       52%         2
 Call Imp                 Summ           4%         N/A       52%         2
 Brom's Barrelling Bould  Conj/Erth      14%        2d4       65%         4
 Petrify                  Alch/Erth      10%        N/A       82%         4
 Plasma Beam              Fire/Air       1%         2x1d11    100%        6
 Starburst                Conj/Fire      3%         6d3       100%        6


Dungeon Overview and Level Annotations

Branches:
Dungeon (4/15)             Temple (1/1) D:4

Altars:
Ashenzari
Cheibriados
Dithmenos
Elyvilon
Gozag
Kikubaaqudgha
Makhleb
Nemelex Xobeh
Okawaru
Qazlal
Sif Muna
Trog
Vehumet
Wu Jian
Zin
The Shining One


Innate Abilities, Weirdness & Mutations

You are immune to sickness and miasma.
Your stone body is resilient. (AC +4)
You are immune to poison.
You resist negative energy. (rN+)
You are resistant to electric shocks. (rElec)
You are resistant to unholy torment.
You are immune to petrification.


Message History

Confirm with . or Enter, or press ? or * to list all spells.
Aiming: Sandblast (safe; 6% risk of failure)
Press: ? - help, Shift-Dir - straight line, f/p - orc wizard
Aim: an orc wizard, wielding a +0 dagger and wearing a +0 robe (77% to hit)
The blast of sand hits the orc wizard.
The orc wizard is moderately wounded.
The orc priest calls upon Beogh to heal the orc wizard.
The orc wizard's wounds heal themselves!
The orc wizard barely misses you. x2
You closely miss the orc wizard.
The orc wizard hits you with a +0 dagger.
You hit the orc wizard.
The orc wizard is moderately wounded.
The orc wizard barely misses you.
You hit the orc wizard.
Lightning courses through the orc wizard!
You kill the orc wizard!
Dithmenos accepts your kill.
The orc priest miscasts a cantrip.
You hit the orc. You punch the orc, but do no damage.
The orc is heavily wounded.
The orc hits you with a +0 hand axe.
* * * LOW HITPOINT WARNING * * *
You hit the orc.
The orc is severely wounded.
The orc barely misses you.
Your magical contamination has completely faded away.
You hit the orc.
The orc is almost dead.
The orc hits you with a +0 hand axe.
* * * LOW HITPOINT WARNING * * *
You hit the orc but do no damage.
The orc is almost dead.
The orc hits you with a +0 hand axe.
* * * LOW HITPOINT WARNING * * *
You barely miss the orc.
The orc is almost dead.
The orc priest invokes the aid of Beogh against you.
Beogh smites you!
You die...

#.#.# #.#.# ##.#.##
######.o...##### .#
#...$....#...... .#
#.####o#)..# #.# #
#.#..## #.#
##.####.#.## #.###
#....@oo#.# #...#
#..######.########.#.#
#. #............# #
#..######.#..#
........# #....#
#.###..## #..... #.##
#..... #. ##..... ..
#......


You could see an orc priest and an orc.

Vanquished Creatures
  Jessica (D:2)
  Natasha (thrice) (D:2)
  2 orc wizards (D:4)
  5 adders
  4 dart slugs
  A ribbon worm (D:3)
  4 ball pythons
  5 endoplasms
  2 giant cockroaches (D:1)
  7 goblins
  3 hobgoblins
  3 jackals (D:1)
  4 kobolds
  5 quokkas
  6 bats
  A frilled lizard (D:1)
  5 rats
61 creatures vanquished.

Notes
Turn   | Place    | Note
-------+----------+-------------------------------------------
     0 | D:1      | Destinykillz the Gargoyle Earth Elementalist began the
                  | quest for the Orb.
     0 | D:1      | Reached XP level 1. HP: 10/10 MP: 3/3
   146 | D:1      | Reached XP level 2. HP: 15/15 MP: 3/5
   322 | D:1      | Learned a level 1 spell: Magic Dart
   427 | D:1      | Reached XP level 3. HP: 19/19 MP: 0/6
  1196 | D:2      | Noticed Jessica
  1197 | D:2      | Killed Jessica
  1198 | D:2      | Reached XP level 4. HP: 24/24 MP: 5/7
  1344 | D:2      | Noticed Natasha
  1349 | D:2      | Killed Natasha
  1536 | D:2      | Noticed Natasha
  1664 | D:2      | Killed Natasha
  1665 | D:2      | Reached XP level 5. HP: 28/28 MP: 4/9
  1878 | D:2      | Noticed Natasha
  1880 | D:2      | Killed Natasha
  3098 | D:4      | Found a staircase to the Ecumenical Temple.
  3106 | Temple   | Entered the Ecumenical Temple
  3123 | Temple   | Became a worshipper of Dithmenos the Shadowed
  3370 | D:4      | Reached skill level 1 in Armour
  3370 | D:4      | Reached XP level 6. HP: 31/32 MP: 1/10
  3393 | D:4      | HP: 1/32 [orc/+0 hand axe (3)]
  3394 | D:4      | Killed from afar by an orc priest

Illustrated notes

Levels and vault maps discovered:
D:1:      psy_arrival_basics, layout_basic, minmay_misc_feat_diagonals,
          minivault_4
D:2:      layout_loops_ring, serial_forest, infiniplex_forest_lined_room_2,
          infiniplex_forest_clump_tiny, infiniplex_forest_end_3,
          infiniplex_forest_corner_1, infiniplex_forest_corner_1,
          infiniplex_forest_side_room, infiniplex_forest_lined_3,
          infiniplex_forest_lined_4_way, uniq_jessica, uniq_natasha
D:3:      layout_basic, nrook_uturn
D:4:      layout_loops_ring, temple_statues, chequers_serial_rivers_large_a,
          patterned_corridor
Temple:   eino_temple_scatter_basement

Skill      XL: |  1  2  3  4  5 |
---------------+----------------+-----
Stealth        | 3 4 |  4.5
Earth Magic    | 4 |  4.6
Dodging        | 2 |  2.2
Conjurations   | 2 |  2.6
Armour         | 1 |  1.3
Spellcasting   | |  2.9

Action                     |  1- 3 |  4- 6 || total
---------------------------+-------+-------++-------
  Melee: Dagger            |     8 |    14 ||    22
         Punch             |       |     1 ||     1
   Cast: Sandblast         |    25 |    36 ||    61
         Magic Dart        |    24 |    41 ||    65
 Armour: Robe              |     9 |       ||     9
         Ring mail         |       |    24 ||    24
  Dodge: Dodged            |     5 |    15 ||    20
